 Dungeon Crawl Stone Soup version 0.28-a0-233-gb8ca4b6547 (webtiles) character file.

Game seed: 14992635918223762661

28 willcat the Sneak (level 3, 0/23 HPs)
             Began as a Kobold Delver on Aug 23, 2021.
             Was an Initiate of Nemelex Xobeh.
             Slain by a bullfrog (6 damage)
             ... on level 5 of the Dungeon.
             The game lasted 00:00:45 (313 turns).

willcat the Sneak (Kobold Delver)                    Turns: 313, Time: 00:00:46

Health: 0/23       AC:  3    Str:  9    XL:     3   Next: 30%
Magic:  3/3        EV: 15    Int: 11    God:    Nemelex Xobeh [......]
Gold:   0          SH:  0    Dex: 17    Spells: 2/2 levels left

rFire   . . .      SeeInvis .   a - +0 short sword
rCold   . . .      Faith    .   (shield restricted)
rNeg    . . .      Spirit   .   b - +0 leather armour
rPois   .          Reflect  .   (no helmet)
rElec   .          Harm     .   (no cloak)
rCorr   .          Rampage  .   (no gloves)
Will    .....                   (no boots)
Stlth   ++++......              (no amulet)
HPRegen 0.07/turn               (no ring)
MPRegen 0.08/turn               (no ring)

@: no status effects
A: small, no large weapons, nightstalker 3
a: Renounce Religion, Draw Escape, Draw Destruction, Draw Summoning


You were on level 5 of the Dungeon.
You worshipped Nemelex Xobeh.
Nemelex Xobeh was noncommittal.
You visited 1 branch of the dungeon, and saw 1 of its levels.

Inventory:

Hand Weapons
 a - a +0 short sword (weapon)
Armour
 b - a +0 leather armour (worn)
Wands
 g - a wand of digging (3)
Scrolls
 c - a scroll of fog
 d - 2 scrolls of magic mapping
 h - a scroll of identify {unknown}
 i - a scroll of vulnerability {unknown}
Potions
 f - a potion of haste


   Skills:
 - Level 3.2 Fighting
 + Level 3.4 Short Blades
 + Level 3.1 Dodging
 + Level 7.0 Stealth


You had 2 spell levels left.
You didn't know any spells.
Your spell library was empty.

Dungeon Overview and Level Annotations

Branches:
Dungeon (5/15)
 Temple: D:4-7

Altars:
Nemelex Xobeh


Innate Abilities, Weirdness & Mutations

You are small and have problems with some larger weapons.
You are completely attuned to the shadows.


Message History

There is a stone staircase leading up here.
A bullfrog comes into view.
A bullfrog is nearby!
A bullfrog is nearby!
The bullfrog croaks.
You barely miss the bullfrog. The bullfrog closely misses you.
You barely miss the bullfrog.
The bullfrog hits you but does no damage.
The bullfrog hits you.
You hit the bullfrog.
The bullfrog is moderately wounded.
The bullfrog barely misses you.
You hit the bullfrog.
The bullfrog is moderately wounded.
The bullfrog hits you! The bullfrog closely misses you.
You closely miss the bullfrog.
The bullfrog is moderately wounded.
The bullfrog hits you.
You hit the bullfrog but do no damage.
The bullfrog is moderately wounded.
The bullfrog hits you. The bullfrog misses you.
You hit the bullfrog.
The bullfrog is heavily wounded.
The bullfrog barely misses you.
You closely miss the bullfrog.
The bullfrog is heavily wounded.
The bullfrog hits you.
* * * LOW HITPOINT WARNING * * *
Unknown command.
Okay, then.
The bullfrog misses you.
As you read the scroll of fear, it crumbles to dust.
You assume a fearsome visage.
The bullfrog looks frightened!
You start resting.
A bullfrog is nearby!
You barely miss the bullfrog.
The bullfrog is moderately wounded.
The bullfrog hits you.
You die...
Your body disappears without a glow.

#.......# #.#####.#
#.# #.# #.# ##.#####
#.# #....... #.#
#..####+ #.# #..###..
########.# #.......
#.F@...#.# #...#...
#.####.#.# #...#...
#.####.#.####...#...
#....#.#......(..... #
#.##F#.....#....#...
#.####.#<###.#...<#...
#.....F#..##.##.#.....
......................
.########.......#..###


You could see a bullfrog.

Vanquished Creatures
  A bullfrog skeleton (D:5)
1 creature vanquished.

Notes
Turn   | Place    | Note
-------+----------+-------------------------------------------
     0 | D:5      | willcat the Kobold Delver began the quest for the Orb.
     0 | D:5      | Reached XP level 1. HP: 14/14 MP: 1/1
    18 | D:5      | Noticed an orc wizard
    19 | D:5      | Noticed an orc priest
    31 | D:5      | Found a sparkling altar of Nemelex Xobeh.
    34 | D:5      | Became a worshipper of Nemelex Xobeh the Trickster
   145 | D:5      | Reached skill level 7 in Stealth
   145 | D:5      | Reached XP level 2. HP: 13/19 MP: 2/2
   145 | D:5      | Reached XP level 3. HP: 16/23 MP: 3/3
   277 | D:5      | Noticed a bullfrog
   313 | D:5      | Slain by a bullfrog

Illustrated notes

Levels and vault maps discovered:
D:5:      layout_basic, kennysheep_mini

Skill      XL: |  1 |
---------------+----+-----
Short Blades   | 3 |  3.4
Dodging        | 3 |  3.1
Stealth        | 7 |  7.0
Fighting       | |  3.2

Action                   || total
-------------------------++-------
Melee: Short sword       ||    13
  Use: Scroll            ||     1
 Stab: Sleeping          ||     1
Armor: Leather armour    ||     1
Dodge: Dodged            ||     9

Table legend: (Time is in decaauts)
 A = Elapsed time spent in this place.
 B = Non-inter-level travel time spent in this place.
 C = Inter-level travel time spent in this place.
 D = Time resting spent in this place.
 E = Time spent auto-exploring this place.
 F = Levels seen in this place.
 G = Mean time per level.
                   A        B        C        D        E       F      G
               +--------+--------+--------+--------+--------+-----+--------+
         Total |    312 |    312 |      0 |    163 |     35 |   1 |  312.0 |
       Dungeon |    312 |    312 |      0 |    163 |     35 |   1 |  312.0 |
               +--------+--------+--------+--------+--------+-----+--------+

Top non-repeatable levels by time:
     D:5: 312 daAuts
